 Dungeon Crawl Stone Soup version 0.28.0-53-g5a82cb258f (webtiles) character file.

Game seed: 4755520460039505619

43 issech the Chopper (level 3, -2/33 HPs)
             Began as a Minotaur Monk on June 5, 2022.
             Slain by a kobold
             ... wielding a +0 whip
              (5 damage)
             ... on level 2 of the Dungeon.
             The game lasted 00:02:49 (1728 turns).

issech the Chopper (Minotaur Monk)                  Turns: 1728, Time: 00:02:50

Health: -2/33      AC:  2    Str: 15    XL:     3   Next: 37%
Magic:  2/2        EV: 13    Int:  7    God:
Gold:   72         SH:  0    Dex: 14    Spells: 2/2 levels left

rFire   . . .      SeeInvis .   l - +0 war axe
rCold   . . .      Faith    .   (no shield)
rNeg    . . .      Spirit   .   b - +0 robe
rPois   .          Reflect  .   (helmet restricted)
rElec   .          Harm     .   (no cloak)
rCorr   .          Rampage  .   (no gloves)
Will    .....                   (no boots)
Stlth   ++........              (no amulet)
HPRegen 0.11/turn               (no ring)
MPRegen 0.08/turn               (no ring)

@: no status effects
A: horns 2, retaliatory headbutt
a: no special abilities


You were on level 2 of the Dungeon.
You visited 1 branch of the dungeon, and saw 2 of its levels.

You collected 72 gold pieces.

Inventory:

Hand Weapons
 a - a +0 hand axe
 l - a +0 war axe (weapon)
Missiles
 g - 18 bolts
 h - 3 poisoned darts (quivered)
 j - 33 stones
 m - 36 arrows
Armour
 b - a +0 robe (worn)
Magical Staves
 d - a staff of poison
Jewellery
 c - an amulet of faith
 n - an amulet of faith
Scrolls
 e - 3 scrolls of identify {unknown}
Potions
 f - a potion of curing {unknown}
 i - a potion of might {unknown}
 k - a potion of attraction {unknown}


   Skills:
 + Level 4.0 Fighting
 + Level 4.2 Axes
 + Level 4.1 Dodging
 + Level 1.7 Stealth


You had 2 spell levels left.
You didn't know any spells.
Your spell library contained the following spells:

 Spells                   Type           Power      Damage    Failure   Level
 Sting                    Tmut/Pois      0%         1d3       43%         1
 Ensorcelled Hibernation  Hex/Ice        0%         N/A       56%         2
 Poisonous Vapours        Pois/Air       0%         N/A       56%         2
 Spider Form              Tmut/Pois      0%         N/A       80%         3
 Anguish                  Hex/Necr       0%         N/A       99%         4
 Olgreb's Toxic Radiance  Pois           0%         N/A       99%         4


Dungeon Overview and Level Annotations

Branches:
Dungeon (2/15)

Altars:


Innate Abilities, Weirdness & Mutations

You have a pair of horns on your head.
You reflexively headbutt those who attack you in melee.


Message History

Found a stone staircase leading up.
Found an escape hatch in the ceiling.
There is a stone staircase leading up here.
There is an escape hatch in the ceiling here.
There is a stone staircase leading up here.
There is an open door here.
Found a scale mail.
A kobold comes into view. It is wielding a +0 dagger.
A kobold comes into view. It is wielding a +0 whip.
The kobold shouts! x2; You hear a shout! 2 kobolds come into view.
The kobold moves out of view.
A kobold comes into view.
It is wielding a +0 short sword of electrocution.
The kobold hits you with a +0 dagger.
The kobold shouts!
You hit the kobold but do no damage. Your headbutt misses the kobold.
The kobold hits you with a +0 dagger.
You hit the kobold. You headbutt the kobold.
You kill the kobold!
You hit the kobold. The kobold barely misses you.
The kobold closely misses you.
You barely miss the kobold.
The kobold is severely wounded.
The kobold closely misses you.
You completely miss the kobold.
The kobold is severely wounded.
The kobold shouts!
The kobold misses you. You furiously retaliate!
You headbutt the kobold!
You kill the kobold!
The kobold closely misses you. The kobold completely misses you.
You barely miss the kobold. x2
The kobold hits you with a +0 short sword of electrocution.
You are electrocuted!!
Ouch! That really hurt!
* * * LOW HITPOINT WARNING * * *
The kobold barely misses you.
The kobold hits you with a +0 short sword of electrocution.
* * * LOW HITPOINT WARNING * * *
The kobold hits you with a +0 whip.
You die...

#.# ##'## #.##### ##...##
......# ##.....## #.#.#.#
##.......#
#..#..###........# #######
#.......+....†...##.≈≈≈≈≈≈
##....###........#...≈≈≈≈≈
......# ##......K#........
###.### ##.....@.K)K[....
#.##### ##...###).......
#.....# ##'## #...≈≈≈≈≈
#.....# #.# ##.≈≈≈≈≈≈
#.....# #.#### #######
#.....# ##....# #.....#
##...##### ### ###.###
#.....##.######.# #.#
####...#......<..<#


You could see 3 kobolds.

Vanquished Creatures
  2 adders (D:2)
  4 bats (D:1)
  3 giant cockroaches
  5 goblins (D:1)
  A hobgoblin (D:1)
  A quokka (D:1)
  A ball python (D:1)
  A frilled lizard (D:1)
  4 kobolds
  2 rats (D:1)
24 creatures vanquished.

Notes
Turn   | Place    | Note
-------+----------+-------------------------------------------
     0 | D:1      | issech the Minotaur Monk began the quest for the Orb.
     0 | D:1      | Reached XP level 1. HP: 19/19 MP: 0/0
   327 | D:1      | Reached XP level 2. HP: 24/27 MP: 1/1
   987 | D:2      | Found a faded altar of an unknown god.
  1124 | D:2      | Reached XP level 3. HP: 13/33 MP: 2/2
  1728 | D:2      | Slain by a kobold

Illustrated notes

Levels and vault maps discovered:
D:1:      minmay_arrival_four_houses, layout_loops_corners,
          nicolae_concentric_dashed_squares_mild
D:2:      minmay_kobold_bridge, layout_loops_corners,
          chequers_ecumenical_altar_simple_redux

Skill      XL: |  1  2  3 |
---------------+----------+-----
Axes           | 4 |  4.2
Dodging        | 4 |  4.1
Fighting       | 4 |  4.0
Stealth        | |  1.7

Action                   || total
-------------------------++-------
Melee: Hand axe          ||    42
       Headbutt          ||     7
       War axe           ||    14
Armor: Robe              ||    14
Dodge: Dodged            ||    47
